[Event "44th Chess Olympiad Open 2022"]
[Site "Chennai"]
[Date "2022.08.03"]
[Round "6.29"]
[White "Kurniawan, Muhamad Agus"]
[Black "Chinchilla Miranda, Eugenio"]
[Result "1-0"]
[WhiteElo "2328"]
[BlackElo "2206"]
[Annotator "TA"]
[PlyCount "53"]
[EventDate "2022.??.??"]
[TimeControl "60"]

1. e4 e5 2. Nf3 Nc6 3. Bb5 a6 4. Ba4 Nf6 5. O-O Be7 6. Re1 b5 7. Bb3 d6 8. c3 O-O 9. h3 Nb8 10. d4 Nbd7 11. Nbd2 Bb7 12.
Bc2 c5 13. a4 {[%emt 0:05:15] C95: Closed
Ruy Lopez: Breyer Variation with 10 d4.} cxd4 (13... Qc7 {
feels hotter.} 14. d5 c4 15. Nf1 Rfc8) 14. cxd4 bxa4 15. Rxa4 {[%emt 0:18:20] [#] White has an edge.} exd4 $146 ({Predecessor:} 15... Qc7 16. Ra3 exd4 17. Nxd4 d5 18. Rc3 Qb6 19. Nf5 Bc5
20. Rf1 dxe4 21. Rg3 g6 {1-0 (63) Himanshu,S (2498)-Perez Mitjans,O (2407)
Barbera del Valles 2017}) 16. Rxd4 Qc7 17.
Nc4 {[%emt 0:00:00] Strongly threatening Bf4.} Rac8 (17... Nc5
$14) 18. Bf4 $16 Nb6 {[%emt 0:15:10] [#]} (18... Ne5 $16 19.
Nfxe5 dxe5 20. Bxe5 Qc6) 19. Bb3 (19. Bxd6 Bxd6 20. Nxd6 Qxc2)
(19. Ne3 $1 $18 {[%cal Re3f5] and White stays clearly on top.}) 19... Nxc4 20. Bxc4 h6 21. b3 {[%emt 0:
00:00] aiming for Nh4. White is much more active.} Rcd8 (21...
Qa5 $16) 22. Nh4 $18 {[%emt 0:01:29] And now Nf5 would win.} Rfe8 $2 {[%emt 0:
00:00] [#]} (22... g5) 23. Nf5 Qa5 (23... Bf8
$142 24. Bxd6 (24. Nxd6 Bxd6 25. Bxd6 Qc6 $18) 24... Bxd6 25. Nxd6 Re7 26.
Bxf7+ Rxf7) 24. Bxd6 Nxe4 $2 (24... Bf8 25.
e5 Bc8) 25. Rexe4 {[%emt 0:07:17] White is clearly winning.} ({Less strong is} 
25. Bxe7 Qxf5 26. f3 (26. Rxd8 Qxf2+ 27. Kh2 Qg3+ 28. Kg1 Qf2+ 29. Kh2 Qg3+ 30.
Kg1 Qf2+ $11) 26... Rxd4 27. Qxd4 Nf6 $16) 25... Bxe4 26.
Nxe7+ Rxe7 27. Bxe7 {[%emt 0:00:15] Weighted
Error Value: White=0.31/Black=0.71} 1-0

[Event "44th Chess Olympiad Open 2022"]
[Site "Chennai"]
[Date "2022.08.03"]
[Round "6.29"]
[White "Arias Santana, Mauricio"]
[Black "Megaranto, Susanto"]
[Result "0-1"]
[WhiteElo "2318"]
[BlackElo "2529"]
[Annotator "TA"]
[PlyCount "84"]
[EventDate "2022.??.??"]
[TimeControl "60"]

1. Nf3 d5 2. g3 c6 3. Bg2 Bf5 4. O-O e6 5. d3 Nf6 6. Nh4 Bg4 {[%emt 0:02:12] A07: Réti Opening: New York and Capablanca Systems.}
7. h3 Bh5 8. f4 Nfd7 {
[%emt 0:03:26] The position is equal.} 9. Qe1 Be7 10. Nf3 Bxf3 11. Bxf3 O-O 12. e4 a5 {[%emt 0:00:21] [#]} 13. Kh1
$146 ({Predecessor:} 13. a4 Na6 14. Qe2 Ndc5 15. e5 d4 16. Nd2
Nb4 17. Ne4 Qb6 18. Kg2 Nxe4 19. Bxe4 {1-0 (38) Yakubboev,N (2621)-Dmitrenko,V
(2441) Tashkent 2021}) 13... Na6 14. Qe2 a4 15. a3 b5 16. Be3 Rb8 17. Nc3 Nc7 18.
Qf2 f5 19. g4 fxe4 20. dxe4 d4 21. Bxd4 {[%emt 0:00:14]
Black must now prevent Be3.} e5 (21... Rxf4 22. Rad1 $14) 22.
fxe5 Ne6 (22... c5 23. Be3 $16) 23. Be3 (23. Rad1 $11 {might be stronger.}) 23... Nxe5 $15 24. Rad1 Qc7 {[%emt 0:01:34] Black has compensation.} 25.
Qe2 (25. Qg2 $1 $15) 25... Nc4 $36 {[%emt 0:17:30] Black has
strong initiative. Pair of Knights!} 26. Bc1 {[%emt 0:02:30][%cal Ye4e5] [#]}
Qg3 {[%emt 0:01:10] Black is much more active.} (26... Bg5 $1 $17 {[%cal Rg5c1]
Threatens to win with ...Bxc1.} 27. e5 (27. Bxg5 Nxg5 28. b3 Qg3 $17) 27...
Bxc1 28. Rxc1 Nxb2) 27. Qg2 $11 Qh4 28. e5 (28. Be2 $15) 28... Bg5 $17 29. Be2 Nxe5 (29... Bxc1 $17 30. Bxc4 bxc4 31. Rxc1 Nf4) 30.
Rf5 $2 {[%emt 0:00:44] [#] White does not recover from this.} ({White should
try} 30. Bxg5 $15 Qxg5 31. Qg3) 30... Bxc1 $19 31. Rxc1 Nf4 32. Qh2 Rxf5 33. gxf5 Rf8 ({
Not} 33... Qxh3 34. Qxh3 Nxh3 35. Re1 $17) 34. Rg1 Rxf5 35. Rg3 (35. Bg4 $142 Rf8 36. Qg3) 35... Nxe2 36. Nxe2 Rf1+ 37. Ng1 Qf4 38. Qe2 Rf2 (38... Qxg3 $2 {loses.} 39. Qxf1 Qg5 40. b3 $19) 39. Qe3 Qxe3 40. Rxe3 Nc4 ({Worse is
} 40... Rxc2 41. Rxe5 Rxb2 42. Re2 $17) 41. Rc3 Nxb2 {[%emt 0:
30:29] aiming for ...Nc4.} 42. Rxc6 (42. Nf3) 42... Nc4 {
[%emt 0:00:06] Weighted Error Value: White=0.43/Black=0.13 (very precise)} 0-1

[Event "44th Chess Olympiad Open 2022"]
[Site "Chennai"]
[Date "2022.08.03"]
[Round "6.29"]
[White "Chaves Sanchez, Gabriel A"]
[Black "Taher, Yoseph Theolifus"]
[Result "0-1"]
[WhiteElo "2125"]
[BlackElo "2463"]
[Annotator "TA"]
[PlyCount "138"]
[EventDate "2022.??.??"]
[TimeControl "60"]

1. e4 c5 2.
Nf3 a6 3. c3 d5 4. exd5 Qxd5 5. d4 Nf6 6. Be2 e6 7. O-O Nc6 8. h3 {[%emt 0:09:18] B28: Sicilian: 2 Nf3 a6 
(O'Kelly Variation).} cxd4 9. cxd4 Be7 10. Nc3 {[%emt 0:00:07] The position is equal.} Qd6 {[%emt 0:
00:00] [#]} 11. Qa4 $146 ({Predecessor:} 11. Be3 O-O 12. Rc1
b5 13. Qd2 Bb7 14. Rfd1 Rfd8 15. Qe1 Rac8 16. Ng5 Qb8 17. Bf3 Nb4 18. a3 Bxf3
19. Nxf3 Nbd5 {0-1 (47) Harika,D (2515)-Artemiev,V (2716) Chess.com INT 2020})
11... O-O 12. Rd1 h6 13. a3 Rd8 14. b4 Bd7 15. Qb3 Be8 16. Be3 Bf8 17. Rac1 Ne7 18. Ne5 Ned5 19. Nxd5 Nxd5 20. Bd2 Rac8 21. Bf3 Rxc1 22. Rxc1 Qb6 23. Qb2 Bb5 24. Nc4 Bxc4 25. Rxc4 Qd6 26. Qc1 Qd7 27. Rc2 Be7 28. Bc3 Bg5 29. Qd1 (29. Bd2 $11) 29... Nxc3 $15 30. Rxc3 Bf6 ({Much weaker is} 30... Qxd4
31. Qxd4 Rxd4 32. Bxb7 $11) 31. Qc1 Qxd4 32.
Rc8 b6 33. Rxd8+ Bxd8 {
[%emt 0:00:49] Endgame KQB-KQB} 34. Qc6 g6 35. g3 {[%emt 0:02:13] Prevents Bh4.} Kg7 36. Kg2 Bf6 37. Qc2 a5 38. bxa5 bxa5 39. a4 Be7 40. Be4 h5 41.
h4 Bc5 42. Bc6 Qd6 43. Bb7 Qb6 44. Bf3 Bd4 45. Be4 Qb4 46. Bc6 Bb6 47. Bb5 Qd4 48. Bc6 e5 49. Qa2 e4 50. Be8 Qf6 {[%emt 0:00:00] Active counter
play!} 51. Qe2 {[%emt 0:00:00] Prevents Qf3+.} Qe5 52. Bb5 f5 53. Qd2 Bd4 (53... e3 $5 54. fxe3 Bxe3 55. Qd7+ Kh6 $17) 54. Bc6 Qc5
{[%emt 0:00:00] [#] ...e3 is the strong threat.} 55. Bb7 Qb6 {
[%emt 0:00:00] Inhibits Ba6. And now ... e3 would win.} 56. Bd5 Qc5 (56... e3 $15 57. fxe3 Bxe3 58. Qc3+ Bd4) 57. Ba2 Qe5 {[%emt 0:00:00] Inhibits Be6.} 58. Qc2 e3 59. fxe3 Bxe3 60. Qc4 Bc5 61. Qd5 Qe2+ 62. Kh3 {[%emt 0:00:24] White wants to mate with Qg8+.} Qf1+ 63. Qg2 Qd1 {[%emt 0:00:00] aiming for ...Qg4+.} 64. Qb2+ (64. Qd5 $17 {was called for.} Bd4 65. Bb3 (65. Bc4 Kh6 $17)
65... Qf1+ 66. Qg2) 64... Bd4 $19 65. Qb7+ Kh6 {[%emt 0:00:05] ( -> ...f4)} 66. Bg8 {[%emt 0:01:30][%csl Gg8][%cal Rb7h7]
[#]} Bg7 $1 67. Qg2 $2 (67. Qd5 Qg4+ 68. Kh2)
67... Qg4+ 68. Kh2 Be5 {[%emt 0:00:17]
Hoping for ...f4.} 69. Bd5 (69. Qd2+ $142 f4 70. Kh1) 69...
Qxh4+ {[%emt 0:01:46] Weighted Error Value: White=0.09 (flawless) /Black=0.08 
(flawless)} 0-1

[Event "44th Chess Olympiad Open 2022"]
[Site "Chennai"]
[Date "2022.08.03"]
[Round "6.30"]
[White "Bachmann, Axel"]
[Black "Al Qudaimi, Basheer"]
[Result "1-0"]
[WhiteElo "2588"]
[BlackElo "2424"]
[Annotator "TA"]
[PlyCount "53"]
[EventDate "2022.??.??"]
[TimeControl "60"]

1. Nf3 d5 2. b3 Bg4 3. e3 Nd7 4. Bb2 Ngf6 5. d3 e5 6. Nbd2 {[%emt 0:03:46] A06: Réti Opening: 1 Nf3
d5.} Bd6 7. h3 Bh5 8. g4 {
[%emt 0:00:43] The position is equal.} Bg6 9. Nh4 Qe7 10. Bg2 c6 11. a3 {[%emt 0:19:00] 
[#]} Nc5 $146 ({Predecessor:} 11... O-O-O 12. Nxg6 fxg6 13. c4 Nc5 14. Ke2 e4
15. d4 Nd3 16. Qc2 Kb8 17. b4 Rhf8 {1-0 (27) Suarez Uriel,A (2376)-Weetik,V 
(2423) Chess.com INT 2021}) 12. Qe2 (12. O-O $5 ) 12... Nfd7 13. Nxg6 fxg6 ({Black should
play} 13... hxg6 $15 14. c4 dxc4 15. Nxc4 Nxb3) 14. c4 $14 e4 15. dxe4 dxe4 {[%emt 0:00:00] Strongly
threatening ...Nd3+.} 16. O-O Bc7 {[%emt 0:05:50] [#]} 17. b4
$1 Qd6 {[%emt 0:06:36] [#] This move loses the game for Black.
} (17... Na4 $16 {was necessary.}) 18. Rfd1 $1 $18 Qh2+ 19. Kf1 Ne6 20. Nxe4 O-O-O 21. c5 Nf6 22. Nxf6 {[%emt 0:07:13] White is clearly winning.} gxf6 23. Bxf6 Rxd1+ 24. Rxd1 Rf8 25. g5 Kb8 26. Qc4 Re8 27. b5 {[%emt 0:00:21] Weighted Error Value:
White=0.09 (flawless) /Black=0.47} 1-0

[Event "44th Chess Olympiad Open 2022"]
[Site "Chennai"]
[Date "2022.08.03"]
[Round "6.30"]
[White "Cubas, Jose Fernando"]
[Black "Al-Aqrabi, Saleh"]
[Result "1-0"]
[WhiteElo "2451"]
[BlackElo "2172"]
[Annotator "TA"]
[PlyCount "61"]
[EventDate "2022.??.??"]
[TimeControl "60"]

1. e4 e6 2. d4 d5 3. Nd2 Nf6 4. e5 Nfd7 5. c3 c5 6. Bd3 Nc6 7. Ndf3 Be7 8. Ne2 Qb6 9. O-O O-O 10. Nf4 cxd4 11. cxd4 Nb4 {[%emt 0:00:09] [#] C06: French Tarrasch: 3...Nf6 4 e5
Nfd7 5 Bd3 main lines.} (11... Re8 $14) 12. Bb1 $1 $16 f6 (12... Qd8 $16) 13. a3 $18 Na6 {[%emt 0:00:04]
White is clearly better.} 14. Qd3 f5 15. g4 {
[%emt 0:00:23] [#]} g6 $146 (15... Nc7 {was necessary.} 16.
gxf5 Rxf5 17. Nxe6 Nxe5 18. Qxf5 Nxf3+ 19. Qxf3 Bxe6) ({Predecessor:} 15... Nc7
16. Kh1 Qa6 17. Rg1 Qxd3 18. Bxd3 Nb6 19. b3 Bd7 20. gxf5 exf5 21. Ng5 Bxg5 22.
Rxg5 {1-0 (61) Jakobsen,M (2146)-Christensen,J (1951) Aarhus 2003}) 16. Kh1 Nac5 $2 (16... Nc7 {might work better.} 17.
gxf5 exf5) 17. dxc5 Nxc5 18. Qd1 Nb3 19. Be3 d4 {[%emt 0:02:39] [#]} 20.
Bxd4 (20. Nxd4 $142 $1 Nxd4 21. Bxd4 Qc6+ 22. f3 fxg4 23. Be4)
20... Nxd4 21. Qxd4 ({And not} 21. Nxd4 Rd8
22. Nfe2 Bc5 $11) 21... fxg4 $2 {[%emt 0:00:31] [#]} (21... Qc6) 22. Nxg6 $1 hxg6 (22... Qxd4 23. Nxe7+) 23. Qxg4 Rf7 24. Bxg6 {[%emt 0:01:41] White mates.} Rg7 25. Rg1 Bf8 26. Qh5 Qc7 27.
Rac1 Qd7 28. Rc4 b5 29. Rh4 Rxg6 30. Rxg6+ Kf7 {[%emt 0:01:16] [#]} 31. Rg7+ $3 {
[%emt 0:00:11] White took control after the opening. Weighted Error Value:
White=0.21 (precise) /Black=0.89} 1-0

[Event "44th Chess Olympiad Open 2022"]
[Site "Chennai"]
[Date "2022.08.03"]
[Round "6.30"]
[White "Al-Zendani, Zendan"]
[Black "Delgado Ramirez, Neuris"]
[Result "0-1"]
[WhiteElo "2284"]
[BlackElo "2614"]
[Annotator "TA"]
[PlyCount "96"]
[EventDate "2022.??.??"]
[TimeControl "60"]

1. e4 c5 2. Nf3 d6 3. d4 cxd4 4. Nxd4 Nf6 5. Nc3 a6 6. Bg5 Nbd7 7. f4 Qc7 8. Qf3 {[%emt 0:01:17] B94:
Sicilian Najdorf: 6 Bg5 Nbd7.} h6 {[%emt 0:02:16] 8...b5 is the modern
continuation.} 9. Bxf6 Nxf6 10. Nd5 {[%emt 0:
00:00] White has an edge.} Nxd5 11. exd5 g6 12. O-O-O Bg7 13. Kb1 Bd7 {[%emt 0:00:51] [#]} 14. Qe4 $146 ({Predecessor:} 14. g4 O-O-O 15. h4 h5 16. g5 Qc5 17. c3 Kb8 18. Bh3
Bxh3 19. Rxh3 Qc8 20. Rhh1 {½-½ (64) Niknaddaf,A (2218)-Feyli,S (2213)
Esfahan 2016}) 14... Rc8 {[%emt 0:02:59] Threatens to win with ...Bxd4.} 15.
Bd3 Qb6 16. Nb3 a5 {[%emt 0:03:08] aiming for ...a4.} 17. Rhe1 O-O {[%emt 0:01:01] Strongly threatening ...a4.} 18. Qe3 Qc7 19. f5 (19. Qxe7 $2 a4 20. f5 axb3
21. cxb3 gxf5 $19) (19. a3 $11 {remains equal.}) 19... gxf5 (
19... Bxf5 20. Bxf5 gxf5 21. c3 $14) (19... a4 $17 20. Nd4 Qb6) 20. Nd4 $11 Qb6 21. Nb3 (21. c3 $1 $14)
21... Qxe3 $15 22. Rxe3 Be5 23. Nxa5 Rc5 (23...
f4 $11 24. Ree1 Bg4) 24. Nc4 $14 Rxd5 ({
Better is} 24... Kg7) 25. Nb6 $1 $16 Rxd3 26. Rdxd3 (26. Rexd3 Bc6 $14) (26. cxd3 $16
Be6 27. d4) 26... Bc6 $11 27. Nd5 Re8 28. g3 Kg7 29. a3 e6 {[%emt 0:00:56] Black has compensation.} 30. Nf4 Be4 {[%emt 0:00:39] A strong pair of Bishops.} 31. Rd2 Kf6 32. Rb3 Rg8 33. Rb6 Bxf4 34. gxf4 {[%emt 0:00:31] Endgame KRR-KRB} Rg1+ 35. Ka2 Rf1 {[%emt 0:00:03] Inhibits Rf2.} 36.
Rbxd6 Rxf4 37. c4 (37. R6d4
$1 $11) 37... Ke5 (37... Rf1 $1 $17 {...f4 is the strong
threat.} 38. R6d4 Re1) 38. b4 ({White should play} 38. Rd7 $15
) 38... Rf1 $2 (38... Rg4 $1 $19 {And now ...f4 would win.}
39. Rd7 f4) 39. Rd7 f4 40. Rxf7 f3 41. b5 Bf5 (41...
Bg6 $5 42. Rf8 (42. Rxb7 f2 $17) 42... Bf5 $15) 42. Kb3 ({Don't play} 42. Rxb7 f2 43. Re2+ Kd4 44. Rxf2 (44. Rd7+ $2
Kxc4 45. Rc7+ Kd4 $19) 44... Rxf2+ 45. Kb3 e5 $17) 42... Ke4 43. c5 $2 (43. Rxb7 $11 {and White has nothing to worry.} f2
44. Rb2) 43... Ke3 $2 ({Less strong is} 43... f2 44. Rb2 $16)
(43... Rb1+ $1 $19 44. Ka4 Ke3) 44. Rb2 f2 45. c6 $2 {[%emt 0:00:00] [#]} ({Not} 45. Rxb7 $2 Rb1 46. Rxb1 Bxb1 $19) (45.
Kb4 $11 {and White is okay.}) 45... bxc6 $1 $19 46. b6 {
[%emt 0:00:00] Black must now prevent b7.} Rd1 47. b7 $2 {
[%emt 0:04:44] [#]} (47. Rxf2 $19 Kxf2 48. b7) 47... f1=Q $1 48. b8=Q Qd3+ {[%emt 0:12:16] Weighted Error Value: White=0.
66/Black=0.29 (precise)} 0-1

[Event "44th Chess Olympiad Open 2022"]
[Site "Chennai"]
[Date "2022.08.03"]
[Round "6.30"]
[White "Al-Subaihi, Khalil"]
[Black "Zacarias, M Ruben D"]
[Result "0-1"]
[WhiteElo "2141"]
[BlackElo "2175"]
[Annotator "TA"]
[PlyCount "92"]
[EventDate "2022.??.??"]
[TimeControl "60"]

1. e4 c5 2. Nf3 d6 3. d4 cxd4 4. Nxd4 Nf6 5. Nc3 a6 6. Bc4 e6 7. Bb3 b5 8. f3 Be7 9. Be3 O-O 10. Qd2 Bd7 (10... Bb7 {with more complications.} 11. Bxe6 fxe6 12. Nxe6
Qc8) 11. g4 {[%emt 0:00:00] B87: Sicilian Scheveningen/Najdorf: 6 Bc4, with
early ...b5.} Nc6 12. h4 (12. Nce2 $11) 12...
Nxd4 13. Bxd4 {[%emt 0:00:00] The position is equal.} a5 {
[%emt 0:00:00] Hoping for ...a4.} (13... b4 $5 14. Ne2 a5 $11)
14. a4 {[%emt 0:00:00] [#]} bxa4 $146 ({Predecessor:} 14... b4
15. Ne2 Qc7 16. h5 e5 17. Be3 Be6 18. g5 Nd7 19. Ng3 Nc5 20. Bd5 Bxd5 21. Qxd5
{½-½ (98) Ciornei,D (2136)-Colon Garcia,E (2328) Barcelona 2015}) 15. Nxa4 Rb8 16. Bc3 Ra8 (16... Bc6 $15) 17. Bd4 Bxa4 18. Bxa4 Qc7 19. h5 (19. Qc3 $5 Qb8 20. Qd3 $14) 19... h6 $2 ({Black should play
} 19... d5 $11) 20. g5 $1 $16 hxg5 21. h6 $2 (21. Qxg5 $16 {h6 is the strong threat.} Ne8
22. Qd2) 21... g6 $11 22. h7+ $1 (22. Qxg5 e5
23. Be3 Nxe4 $1 $17) 22... Kh8 23. O-O-O (23.
Qxg5 e5 24. Be3 Nxe4 $1 $17) (23. Qc3 $1 $15 Qxc3+ 24. Bxc3) 23... e5 24. Be3 g4 25. Qg2 $2 {[%emt 0:00:00]
Now White is beyond hope.} (25. Bg5 $17) 25... Rab8 $19 (25...
Qc4 $2 26. Bb3 Qb4 27. Bd2 (27. Bg5 $2 a4 $19)) 26. Bg5 $2 (
26. c3 $2 gxf3 27. Qxf3 Qb7 $19) (26. Rd3) 26... Rb4 27. b3 gxf3 28. Qxf3 ({Of course not
} 28. Bxf6+ Bxf6 29. Qxf3 Bg5+ 30. Kb1 Rxa4) 28... Nxe4 29.
Bh6 Rc8 30.
Rh2 Qc3 {[%emt 0:00:00] Against Bc6} 31. Qxc3 Nxc3 $40 {[%emt 0:00:00] Black goes for the king. Chess con chili.} 32. Bd7 Rd8 ({Much less strong is} 32... Nxd1 33. Bxc8
Rh4 34. Rxh4 Bxh4 35. Kxd1 $16) 33. Rdh1 Rbb8 (33... Rxd7 $2 {[#] gets mated.} 34. Bg7+ $1 Kxg7 35. h8=Q#) 34. Bc6 (34. Kb2 $142) 34... d5 {[%emt 0:00:00][%cal Yd6d5,Yd5d4] Black is
clearly winning.} 35. Kb2 d4 36. Rf2 f6 37. Bd2 Rdc8 38. Bd7 Rc7 39. Be6 a4
{[%emt 0:03:35] aiming for ...axb3.} 40. Rfh2 Ne4 {[%emt 0:00:
00] And now ...a3+ would win.} 41. Bh6 Bb4 42. Bd5 Bc3+ 43. Kb1 Nc5 {
[%emt 0:00:39] Threatens to win with ...a3.} 44. Ka2 axb3+ 45. cxb3 Ra7+ 46. Kb1 d3 {[%emt 0:00:08] Weighted Error Value: White=0.64/Black=0.40}
0-1

[Event "44th Chess Olympiad Open 2022"]
[Site "Chennai"]
[Date "2022.08.03"]
[Round "6.31"]
[White "Meier, Georg"]
[Black "Tran, Thanh Tu"]
[Result "1/2-1/2"]
[WhiteElo "2613"]
[BlackElo "2375"]
[Annotator "TA"]
[PlyCount "58"]
[EventDate "2022.??.??"]
[TimeControl "60"]

1. Nf3 Nf6 2. g3 b5 3. Bg2 Bb7 4. O-O e6 5. d3 c5 6. e4 d6 7. a4 b4 8. Nbd2 Be7 9. Re1 O-O 10. Nc4 Nc6 {[%emt 0:18:39] A05: Réti
Opening: 1 Nf3 Nf6.} 11. a5 {[%emt 0:01:31] was the old line (11.e5).} Rc8 12. a6 Ba8 13. b3 d5 14. exd5 Nxd5 15.
Bb2 Bf6 16. Nfe5 {[%emt 0:02:05] [#]} Nxe5
$146 ({Predecessor:} 16... Bxe5 17. Nxe5 Nd4 18. Nf3 Nb5 19.
Qd2 Ndc3 20. Bxc3 Nxc3 21. Qg5 f6 22. Qg4 Bd5 {½-½ (32) Schwellnus, G-Faust,
D freechess.de 2019}) 17. Nxe5 Qc7 18. f4 Rfd8 19. Qe2 h6 20. Qh5 Rd6 21. Ra2 {[%emt 0:00:00] The
position is equal.} Rf8 22. Rea1 Qc8 23. Ra5 Qc7 (23... Ne3 24.
Bxa8 Qxa8 25. Qe2 $16) 24. Rb5 Qc8 25. Rba5 Qc7 ({Don't take} 25... Ne3 26. Bxa8 Qxa8 27.
Qe2 $16) 26. Rb5 Qc8 27. Rba5 Qc7 ({Much less strong is} 27... Ne3 28. Bxa8 Qxa8 29. Qe2
$16) 28. Rb5 Qc8 29. Rba5 Qc7 {[%emt 0:00:00] An interesting draw. Weighted Error Value: White=0.05 
(flawless) /Black=0.06 (flawless)} ({Don't do} 29... Ne3 30. Bxa8 Qxa8 31. Qe2
$16) 1/2-1/2

[Event "44th Chess Olympiad Open 2022"]
[Site "Chennai"]
[Date "2022.08.03"]
[Round "6.31"]
[White "Kojima, Shinya"]
[Black "Diaz Hollemaert, Nahuel"]
[Result "0-1"]
[WhiteElo "2346"]
[BlackElo "2425"]
[Annotator "TA"]
[PlyCount "96"]
[EventDate "2022.??.??"]
[TimeControl "60"]

1. e4 g6 2. d4 d6 3. Nc3 a6 4. Be3 Nf6 5. f3 b5 6. Qd2 {[%emt 0:00:33] B07: Pirc Defence:
Miscellaneous Systems.} Nbd7 7. g4 Bb7 8. g5 {[%emt 0:11:46] White is slightly better.}
Nh5 9. Nge2 {[%emt 0:00:43] [#]} e5 $146 ({
Predecessor:} 9... c5 10. Ng3 cxd4 11. Bxd4 e5 12. Be3 Nf4 13. h4 Qa5 14. a3
Rc8 15. O-O-O Rxc3 16. Qxc3 Qxc3 17. bxc3 {0-1 (40) Amonatov, F (2625)
-Timofeev,A (2664) Tomsk 2008}) 10. Ng3 {[%emt 0:16:24] Nxh5 is the strong
threat.} Nf4 11. Nce2 ({Much weaker is} 11.
Bxf4 exf4 12. Qxf4 h6 $11) 11... Nxe2 12. Bxe2 h6 13. O-O-O (13. a4 $14) 13... hxg5 $11 14. dxe5 Nxe5 15. Bxg5 Qxg5 16. Qxg5 Bh6 17. h4 Bxg5+ 18. hxg5 Ke7 19. Kd2 d5 20. Ke3 Rxh1 21. Rxh1 c5 22. exd5 Bxd5 23. a3 Rc8 24. Rh4 c4 25. c3 Nd7 26. Rd4 Nb6 27. Ne4 Be6 28. Nf6 Na4 29. Rd2 Rd8 30. Bd1 {
[%emt 0:04:17] [#]} (30. Rxd8 $11 Kxd8 31. Bd1 Nxb2 32. Bc2) 30... Nxb2 $1 31. Rxd8 Kxd8 $17 {[%emt 0:00:01] Endgame
KBN-KBN} 32. Bc2 Ke7 33. Kd2 (33. Kd4 $11) 33... Bf5 34. Bxf5 gxf5 {
[%emt 0:00:01] KN-KN} 35. Ke3 Nd3 36. f4 {
[%emt 0:00:48] Inhibits Ne5.} Ne1 $1 37. Kd2 $2 (37. Nh5 $17) 37... Nd3 $2 (37... Ng2 $19 38. Nh5 Kd6)
38. Nh5 (38. Ke3 $11) 38... a5 (38... Kd7 $1
$17) 39. Ke3 $11 Ne1 40. Kd2 $2 (40. Ng3 $11 {and White has nothing to worry.}) 40... Ng2 $1 $19 41. Ng7 (41. Ke2 $142) 41... Nxf4 42.
Nxf5+ {[%emt 0:00:04] [#]} Ke6 $1 43. Nd4+ {[%emt 0:06:11] [#]
} Kd5 (43... Ke5 $1 $19 {has better winning chances. And now .
..Ne6 would win.} 44. Nxb5 Ne6) 44. Nxb5 $2 (44. Nf5 $17)
44... Ne6 45. Ke3 Nxg5 46.
Kf4 Ne6+ 47. Kf5 Kc5 (47... a4 $142 48. Na7 Kc5) 48. Na7 Nc7 {
[%emt 0:00:39] Weighted Error Value: White=0.65/ Black=0.31} (48... a4 $142 49.
Ke4 Nc7) 0-1

[Event "44th Chess Olympiad Open 2022"]
[Site "Chennai"]
[Date "2022.08.03"]
[Round "6.31"]
[White "Vazquez Facundo"]
[Black "Averbukh, Alex"]
[Result "1-0"]
[WhiteElo "2336"]
[BlackElo "2155"]
[Annotator "TA"]
[PlyCount "135"]
[EventDate "2022.??.??"]
[TimeControl "60"]

1. d4 Nf6 2. c4 e5 3. dxe5 Ng4 4. e3 Nxe5 5. f4 Nec6 6.
Ne2 {[%emt 0:01:36] [#] A52: Budapest Gambit.} d6 $146 ({
Predecessor:} 6... Bc5 7. Nec3 O-O 8. Bd3 Qh4+ 9. g3 Qh3 10. Kf2 Re8 11. Nd5
Na6 12. Nbc3 Ncb4 {0-1 (68) Grischuk,A (2745)-Ponkratov,P (2631) Chess.com INT
2022}) 7. Ng3 g6 8. Bd2 {[%emt 0:02:43]
White has an edge.} h5 9. Bc3 Rg8 10. Bd3 {[%emt 0:07:38] White is more active.} Nd7 11.
Nd2 (11. O-O $14) 11... Nc5 12. Nde4 Nxd3+ 13. Qxd3 {[%emt 0:00:03] Strongly
threatening Nf6+.} Be7 {[%emt 0:00:13] Prevents Nf6+.} 14. O-O-O f5 15. Nd2 h4 16. Ne2 Be6 17. Nd4 Qd7 18. Nxe6 Qxe6 19. Qd5 Kd7 (19... Qxd5 $11 20. cxd5 Nb8) 20. Qxe6+ ({White should try} 20. e4 $14) 20... Kxe6 $11 21. Nf3 Rae8 22. g3 g5 23. gxh4 gxh4 24. Be1 Rg2 25. Bxh4 Na5 (25... Bxh4 $11 26. Nxh4 Re2) 26. Bxe7 $14 Rxe7 27. Rd2 Rxd2 28. Nxd2 {[%emt 0:00:06]
Endgame KRN-KRN} Kf6 29. Re1 Nc6 {[%emt 0:01:
21] White now steadily converts the win.} 30. Nf3 Nb4 {
[%emt 0:02:01] Hoping for ...Nd3+.} 31. Kd2 {[%emt 0:00:42] Against Nd3} Nxa2 (31... a5 $16 {was worth a try.}) 32. Ra1 $18 Nb4 33. Rxa7 c5 (33... b6
$142 34. Nd4 d5) 34. Ra8 Rg7 {[%emt 0:05:04] [#]} 35. Ng5 $1 Rd7 36. h4 Nc6 $2 (36... Kg7 37. h5 Nc6) 37. Rh8 Rd8 38. Rh6+ Kg7 39. Rh7+ Kg8 40. Rxb7 Na5 41. Rb5 Nxc4+ 42. Kd3 d5 43. b3 Nd6 44. Rxc5 Rb8 45. Kc2 Rb5 46. Rxb5 Nxb5 {[%emt 0:00:03] KN-KN} 47. Kd3 Kg7 48. Ne6+ Kg6 49. Nd4 Nd6 50. b4 {[%emt 0:00:00] And now b5 would
win.} Kh5 51. b5 {[%emt 0:00:00] Threatens to win with b6.}
Kxh4 52. b6 Kg4 {[%emt 0:00:37] [#]} 53. Nb5
$1 Nb7 (53... Ne4 54. Kd4) 54. Kd4 Kf3 55. Nc3 Na5 56.
Nxd5 Nc6+ 57. Kd3 Na5 58. Ne7 Kg4 59. Kd4 Nb7 60. Kd5 Na5 61.
Ke6 Nb7 62. Kd7 Kf3 63. Kc7 Nc5 64. Nxf5 Ke4 65. b7 Kxf5 66. b8=Q {[%emt 0:00:00] White mates.} ({And not} 66. e4+ Kxf4 67. b8=Q
Na6+ 68. Kd8+ Nxb8 $11) 66... Na6+ 67. Kb7 Nxb8 68. Kxb8 {[%emt 0:00:00] Weighted Error Value: White=0.
12 (very precise) /Black=0.32} 1-0